 Dungeon Crawl Stone Soup version 0.31-a0-233-g139696dc86 (webtiles) character file.

Game seed: 9946738772752051778

22535 Iich the Severer (level 13, -1/153 (184) HPs)
             Began as a Hill Orc Fighter on July 10, 2023.
             Was a High Priest of Okawaru.
             Killed by vampiric draining
             ... invoked by Josephine
              (15 damage)
             ... on level 11 of the Dungeon.
             The game lasted 00:22:18 (10822 turns).

Iich the Severer (Hill Orc Fighter)                Turns: 10822, Time: 00:22:18

HP:   -1/153 (184)  AC: 16    Str: 20    XL:     13   Next: 0%
MP:   20/20         EV: 11    Int:  8    God:    Okawaru [*****.]
Gold: 155           SH: 17    Dex: 14    Spells: 12/12 levels left

rFire   . . .        a - +5 broad axe (elec)
rCold   . . .        E - +2 kite shield
rNeg    . . .        y - +0 swamp dragon scales
rPois   +            j - +1 helmet
rElec   .            C - +0 cloak
rCorr   .            e - +1 pair of gloves
SInv    .            k - +1 pair of boots
Will    +....        I - amulet of reflection Stlth
                     m - ring of flight
HPRegen 0.45/turn    K - ring of willpower
MPRegen 0.17/turn

%: reflection
@: berserking, flying, heavily drained, very quick
A: no striking features
a: Renounce Religion, Heroism, Finesse, Duel


You were on level 11 of the Dungeon.
You worshipped Okawaru.
Okawaru was extremely pleased with you.
You visited 2 branches of the dungeon, and saw 12 of its levels.
You also visited: Bailey.

You collected 783 gold pieces.
You spent 628 gold pieces at shops.

Inventory:

Hand Weapons
 a - a +5 broad axe of electrocution (weapon)
 x - a +1 broad axe of flaming
Missiles
 s - 3 curare-tipped darts (quivered)
Armour
 e - a +1 pair of gloves (worn)
 j - a +1 helmet (worn)
 k - a +1 pair of boots (worn)
 r - a +0 plate armour
 y - +0 swamp dragon scales (worn)
 B - a +0 crystal plate armour
 C - a +0 cloak (worn)
 E - a +2 kite shield (worn)
 L - a +0 chain mail
 O - a +3 plate armour of fire resistance
Jewellery
 m - a ring of flight (left hand)
 F - a ring of protection from fire
 I - an amulet of reflection (around neck)
 K - a ring of willpower (right hand)
 M - a ring of willpower
 N - a ring of positive energy
Wands
 w - a wand of polymorph (9)
 J - a wand of flame (9)
 P - a wand of roots (3)
Scrolls
 b - a scroll of vulnerability
 c - a scroll of poison
 f - 2 scrolls of fog
 g - 3 scrolls of fear
 i - a scroll of revelation {unknown}
 t - 7 scrolls of teleportation
 z - a scroll of noise
 A - a scroll of silence {unknown}
 D - a scroll of acquirement {unknown}
 H - a scroll of immolation
Potions
 d - 2 potions of might
 h - a potion of haste
 n - 2 potions of mutation
 o - a potion of brilliance
 p - 2 potions of enlightenment
 q - 3 potions of curing
 u - a potion of lignification {unknown}
 v - a potion of attraction {unknown}
 Q - a potion of ambrosia


   Skills:
 + Level 13.9 Fighting
 - Level 18.0 Axes
 - Level 5.9 Armour
 - Level 3.4 Dodging
 - Level 5.9 Shields
 + Level 10.6 Invocations


You had 12 spell levels left.
You didn't know any spells.
Your spell library contained the following spells:

 Spells                   Type           Power      Damage    Failure   Level
 Apportation              Tloc           0%         N/A       83%         1
 Magic Dart               Conj           0%         1d3       83%         1
 Mephitic Cloud           Conj/Pois/Air  0%         N/A       99%         3
 Alistair's Intoxication  Tmut/Pois      0%         N/A       100%        5
 Call Imp                 Summ           Unusable   N/A       N/A         2

Dungeon Overview and Level Annotations

Branches:
Dungeon (11/15)            Temple (1/1) D:6            Lair (0/5) D:11
    Orc (0/2) D:10         Bailey (visited)

Altars:
Ashenzari
Cheibriados
Dithmenos
Elyvilon
Fedhas
Gozag
Hepliaklqana
Kikubaaqudgha
Makhleb
Nemelex Xobeh
Okawaru
Qazlal
Ru
Sif Muna
Trog
Uskayaw
Vehumet
Wu Jian
Xom
Yredelemnul
Zin
The Shining One

Shops:
D:7 *   D:9 =([[!

Annotations:
D:11 Josephine


Message History

Josephine completely resists.
You hear a shout!
Unknown command.
You take 26 damage, and have 72/114 hp. !!!!--MASSIVE DAMAGE--!!!!
You hit Josephine but do no damage.
Josephine is moderately wounded.
Josephine barely misses you.
A wraith comes into view.
You barely miss Josephine.
Josephine is moderately wounded.
You block Josephine's attack.
Unknown command.
You slice Josephine!!
Josephine is heavily wounded.
Josephine screams, "I have something special for you."
Josephine points at you and mumbles some strange words.
The ghostly flame explodes!
The ghostly fireball engulfs you!!!
You feel drained.
* * * LOW HITPOINT WARNING * * *
The ghostly fireball engulfs Josephine.
Josephine completely resists.
You slash Josephine!
Josephine is severely wounded.
Josephine draws life force from you!
* * * LOW HITPOINT WARNING * * *
Josephine is healed by the life force!
You block Josephine's attack.
Unknown command.
You take 49 damage, and have 24/107 hp. !!!!--MASSIVE DAMAGE--!!!!
A red film seems to cover your vision as you go berserk!
You feel yourself moving faster!
You feel mighty!
Josephine points at you and mumbles some strange words.
The ghostly flame explodes!
The ghostly fireball engulfs you!!
You feel drained.
* * * LOW HITPOINT WARNING * * *
The ghostly fireball engulfs Josephine.
Josephine completely resists.
You now have 14/153 hp.
You slice Josephine!!
Josephine is almost dead.
You feel yourself speed up. Josephine draws life force from you!
You die...

.. ............
... ....#......
...##.>.#......
...............
................
........W..... #
#.......@.#.##.#
........@......#
..............#
###...........#
#............
#...<.#######
#.....# #.....#
.......#
..?......#


You could see Josephine (empowered) and a wraith.

Vanquished Creatures
  An orc warlord (Bailey)
  A two-headed ogre (D:8)
  8 death yaks (D:10)
  An ugly thing (D:8)
  Psyche (D:9)
  A komodo dragon (D:10)
  A kobold demonologist (D:10)
  3 trolls
  3 hornets
  Prince Ribbit (D:8)
  Sigmund (D:3)
  2 wraiths
  3 wyverns
  Eustachio (D:6)
  A steam dragon (D:8)
  7 yaks
  2 acid dragons
  A water moccasin (D:6)
  Duvessa (D:6)
  An ice beast (D:6)
  12 orc warriors
  A sky beast (D:7)
  A black bear (D:6)
  An ogre (D:7)
  3 centaurs
  A phantom (D:7)
  A kobold brigand (D:8)
  4 bullfrogs
  4 gnoll sergeants
  5 scorpions
  7 wights
  Dowan (D:6)
  7 killer bees
  7 howler monkeys
  4 hounds
  A jelly (D:8)
  An orc priest (D:8)
  Jessica (D:3)
  2 iguanas
  2 sleepcaps
  7 orc wizards
  13 adders
  21 gnolls
  2 white imps
  2 ufetubi (D:6)
  4 worms
  3 dart slugs
  36 orcs
  6 bats
  11 endoplasms
  2 giant cockroaches
  14 goblins
  19 hobgoblins
  12 jackals
  15 kobolds
  6 quokkas
  10 ball pythons
  4 frilled lizards
  5 rats
  A spectral hobgoblin (D:8)
300 creatures vanquished.

Vanquished Creatures (others)
  A kobold brigand (D:9)
  A kobold (D:9)
2 creatures vanquished.

Grand Total: 302 creatures vanquished

Notes
Turn   | Place    | Note
-------+----------+-------------------------------------------
     0 | D:1      | Iich the Hill Orc Fighter began the quest for the Orb.
     0 | D:1      | Reached XP level 1. HP: 19/19 MP: 1/1
    85 | D:1      | Reached skill level 3 in Axes
   123 | D:1      | Reached XP level 2. HP: 27/27 MP: 2/2
   256 | D:1      | Reached skill level 4 in Axes
   260 | D:1      | Reached XP level 3. HP: 19/33 MP: 3/3
   316 | D:1      | Found a faded altar of an unknown god.
   775 | D:2      | Reached skill level 5 in Axes
   775 | D:2      | Reached XP level 4. HP: 21/41 MP: 4/4
  1287 | D:3      | Noticed Jessica
  1294 | D:3      | Killed Jessica
  1295 | D:3      | Reached XP level 5. HP: 33/47 MP: 5/5
  1341 | D:3      | Reached skill level 5 in Fighting
  1453 | D:3      | Reached skill level 6 in Axes
  1468 | D:3      | Noticed Sigmund
  2075 | D:3      | Found an iron altar of Okawaru.
  2083 | D:3      | Became a worshipper of Warmaster Okawaru
  2260 | D:3      | Killed Sigmund
  2260 | D:3      | Reached * piety under Okawaru
  2261 | D:3      | Reached skill level 7 in Axes
  2261 | D:3      | Reached XP level 6. HP: 34/57 MP: 6/6
  3162 | D:4      | Reached skill level 8 in Axes
  3162 | D:4      | Reached XP level 7. HP: 40/54 MP: 7/7
  3661 | D:5      | Entered Level 5 of the Dungeon
  3967 | D:5      | Found a snail-covered altar of Cheibriados.
  4066 | D:5      | Reached skill level 9 in Axes
  4446 | D:5      | Found an ornate altar of the Wu Jian Council.
  4634 | D:6      | Noticed Dowan
  4636 | D:6      | Noticed Duvessa
  4641 | D:6      | Found a staircase to the Ecumenical Temple.
  4649 | D:6      | Killed Dowan
  4655 | D:6      | Killed Duvessa
  4655 | D:6      | Reached ** piety under Okawaru
  4656 | D:6      | Reached skill level 10 in Axes
  4656 | D:6      | Reached XP level 8. HP: 72/73 MP: 8/8
  4699 | Temple   | Entered the Ecumenical Temple
  5055 | D:6      | Reached skill level 11 in Axes
  5255 | D:6      | Noticed Maggie
  5258 | D:6      | Maggie changed into Maggie the troll
  5258 | D:6      | Noticed Maggie
  5259 | D:6      | Maggie the troll changed into Maggie the black mamba
  5259 | D:6      | Noticed Maggie
  5260 | D:6      | Maggie the black mamba changed into Maggie the yak
  5260 | D:6      | Noticed Maggie
  5263 | D:6      | Noticed Eustachio
  5268 | D:6      | Killed Maggie the yak
  5281 | D:6      | Killed Eustachio
  5377 | D:6      | Found a burning altar of Makhleb.
  5398 | D:6      | Reached skill level 12 in Axes
  5398 | D:6      | Reached XP level 9. HP: 69/82 MP: 9/9
  5551 | D:6      | Reached *** piety under Okawaru
  5698 | D:6      | Found a bloodstained altar of Trog.
  5795 | D:7      | Found Fipn's Assorted Antiques.
  5840 | D:7      | Bought a cloak for 121 gold pieces
  6277 | D:7      | Reached skill level 13 in Axes
  6424 | D:7      | Found a radiant altar of Vehumet.
  6458 | D:7      | Found a broken altar of Ashenzari.
  6504 | D:7      | Noticed a troll
  6519 | D:7      | Killed a troll
  6693 | D:7      | Reached skill level 14 in Axes
  6715 | D:7      | Identified the +9 falchion of Uhilyicw {speed, Int+3}
  6726 | D:7      | Reached skill level 10 in Fighting
  7037 | D:8      | Noticed a hornet
  7042 | D:8      | Paralysed by a hornet for 3 turns
  7046 | D:8      | Killed a hornet
  7046 | D:8      | Reached **** piety under Okawaru
  7047 | D:8      | Reached XP level 10. HP: 63/93 MP: 10/10
  7133 | D:8      | Noticed a two-headed ogre
  7140 | D:8      | Killed a two-headed ogre
  7141 | D:8      | Reached skill level 15 in Axes
  7204 | D:8      | Found an opulent altar of Gozag.
  7229 | D:8      | Found an opulent altar of Gozag.
  7229 | D:8      | Found an opulent altar of Gozag.
  7306 | D:8      | Found an opulent altar of Gozag.
  7350 | D:8      | Found a sacrificial altar of Ru.
  7377 | D:8      | Noticed Prince Ribbit
  7405 | D:8      | Killed Prince Ribbit
  7417 | D:8      | Reached ***** piety under Okawaru
  7531 | D:8      | Noticed a white ugly thing
  7549 | D:8      | Killed a white ugly thing
  7550 | D:8      | Reached skill level 16 in Axes
  7874 | D:8      | Found a hazy altar of Hepliaklqana.
  7970 | D:9      | Found a flagged portal.
  7976 | D:9      | Found Rubum's Jewellery Boutique.
  7996 | Bailey   | Entered a bailey
  8033 | Bailey   | Reached skill level 1 in Invocations
  8312 | Bailey   | Noticed an orc warlord
  8328 | Bailey   | Reached XP level 11. HP: 44/104 MP: 6/13
  8339 | Bailey   | Killed an orc warlord
  8530 | Bailey   | Reached skill level 5 in Armour
  8530 | Bailey   | Reached skill level 5 in Shields
  8530 | Bailey   | Reached XP level 12. HP: 112/112 MP: 14/17
  8738 | D:9      | Received a gift from Okawaru
  8739 | D:9      | Reached skill level 17 in Axes
  8843 | D:9      | Found Leghain's Distillery.
  8927 | D:9      | Bought a potion of heal wounds for 65 gold pieces
  8946 | D:9      | Noticed Psyche
  8956 | D:9      | Killed Psyche
  9002 | D:9      | Found Satriw's Antique Armour Shoppe.
  9008 | D:9      | Bought a runed plate armour for 442 gold pieces
  9044 | D:9      | Found Ajiongamn's Weapon Shop.
  9208 | D:9      | Found a stormy altar of Qazlal.
  9280 | D:9      | Found Urumnemu's Armour Emporium.
  9450 | D:10     | Entered Level 10 of the Dungeon
  9685 | D:10     | Found a staircase to the Orcish Mines.
  9954 | D:10     | Found a hide-covered altar of Uskayaw.
 10178 | D:10     | Found a shimmering altar of Xom.
 10355 | D:11     | Noticed a death yak
 10355 | D:11     | Noticed a death yak
 10355 | D:11     | Noticed a death yak
 10355 | D:11     | Noticed a death yak
 10355 | D:11     | Noticed a death yak
 10356 | D:11     | Noticed a death yak
 10360 | D:11     | Noticed a death yak
 10365 | D:10     | Killed a death yak
 10367 | D:11     | Noticed a death yak
 10375 | D:10     | Killed a death yak
 10379 | D:10     | Killed a death yak
 10380 | D:10     | Killed a death yak
 10380 | D:10     | Identified the +0 hat of Lipatolo {Str-4 Dex+8} (Okawaru
                  | gifted it to you on level 10 of the Dungeon)
 10380 | D:10     | Received a gift from Okawaru
 10383 | D:10     | Killed a death yak
 10386 | D:10     | Killed a death yak
 10387 | D:10     | Reached skill level 10 in Invocations
 10417 | D:10     | Killed a death yak
 10418 | D:10     | Reached skill level 18 in Axes
 10421 | D:10     | Killed a death yak
 10424 | D:10     | Reached XP level 13. HP: 11/123 MP: 16/20
 10810 | D:11     | Noticed Josephine
 10812 | D:11     | Found a staircase to the Lair.
 10822 | D:11     | Killed from afar by Josephine

Illustrated notes

Levels and vault maps discovered:
D:1:      sevenhm_arrival_forest_fort_small_4, layout_basic,
          ebering_ecumenical_altar_box
D:2:      layout_rooms, cheibrodos_gnoll_hut
D:3:      wander_river, layout_basic, okawaru_metal_pillars_1_2, uniq_sigmund,
          uniq_jessica
D:4:      layout_loops_corners
D:5:      layout_basic, slow_altar_1, pf_just_have_faith
D:6:      layout_rooms, mainiacjoe_overflow_paths,
          mainiacjoe_overflow_six_doors_small, minmay_temple_entry_tees,
          serial_glass, glass_columns_a, glass_columns_c, uniq_eustachio,
          uniq_maggie, uniq_duvessa
D:7:      layout_basic, nicolae_vehumet_altar_sigil,
          mainiacjoe_overflow_small_starburst, serial_shops,
          nicolae_stop_n_shop_2, minmay_starry_boxes
D:8:      layout_rooms, nicolae_hepliaklqana_monster_ancestors,
          nicolae_ru_great_annihilating_truth,
          nicolae_gozag_conspicuous_consumption, grunt_ministairs_12,
          roderic_roman_lattice, supply_closet_lemuel,
          kennysheep_generic_room_9, uniq_prince_ribbit1
D:9:      layout_irregular_city, nicolae_qazlal_general_emergency,
          enter_bailey_2, serial_shops, nicolae_shop_gibbet_a_chance,
          nicolae_shop_statue_plus, shop, nicolae_shop_pleasant_corner_grove,
          kennysheep_mini_moat, uniq_psyche
D:10:     layout_irregular_city, nicolae_overflow_crystal_walls,
          mainiacjoe_overflow_24_doors, orc_0_dummy
D:11:     layout_irregular_city, dpeg_lair_monsters, uniq_josephine, uniq_erica
Temple:   nicolae_temple_bog_church

Skill      XL: |  1  2  3  4  5  6  7  8  9 10 11 12 |
---------------+-------------------------------------+-----
Axes           | 3 4 5 7 8 10 12 14 16 18 | 18.0
Fighting       | 4 5 6 7 8 10 11 12 13 | 13.9
Invocations    | 3 7 10 | 10.6
Armour         | 5 |  5.9
Dodging        | 3 |  3.4
Shields        | 5 |  5.9

Action                     |  1- 3 |  4- 6 |  7- 9 | 10-12 | 13-15 || total
---------------------------+-------+-------+-------+-------+-------++-------
  Melee: War axe           |    79 |   166 |   186 |       |       ||   431
         Broad axe         |       |       |   116 |   298 |    13 ||   427
 Invoke: Heroism           |       |       |     3 |     3 |       ||     6
         Finesse           |       |       |       |     2 |       ||     2
  Evoke: Wand              |       |       |     5 |       |       ||     5
    Use: Scroll            |     2 |     4 |     2 |     7 |       ||    15
         Potion            |       |     1 |     3 |     5 |     1 ||    10
 Armour: Scale mail        |    34 |     3 |       |       |       ||    37
         Chain mail        |       |    95 |    90 |       |       ||   185
         Skin              |       |       |    11 |       |       ||    11
         Swamp dragon scal |       |       |    59 |    60 |       ||   119
  Dodge: Dodged            |    44 |    47 |   141 |    64 |     2 ||   298
  Block: Buckler           |    18 |    29 |    66 |       |       ||   113
         Kite shield       |       |       |    29 |   226 |     6 ||   261
         Reflection        |       |       |       |     4 |       ||     4

Table legend: (Time is in decaauts)
 A = Elapsed time spent in this place.
 B = Non-inter-level travel time spent in this place.
 C = Inter-level travel time spent in this place.
 D = Time resting spent in this place.
 E = Time spent auto-exploring this place.
 F = Levels seen in this place.
 G = Mean time per level.
                   A        B        C        D        E       F      G
               +--------+--------+--------+--------+--------+-----+--------+
         Total |  10853 |  10601 |    252 |    815 |   7590 |  13 |  834.8 |
       Dungeon |  10020 |   9768 |    252 |    815 |   6944 |  11 |  910.9 |
        Temple |    270 |    270 |      0 |      0 |    226 |   1 |  270.0 |
        Bailey |    562 |    562 |      0 |      0 |    420 |   1 |  562.0 |
               +--------+--------+--------+--------+--------+-----+--------+

Top non-repeatable levels by time:
    D:10: 1320 daAuts
     D:3: 1242 daAuts
     D:7: 1240 daAuts
     D:6: 948 daAuts
     D:4: 946 daAuts
     D:5: 930 daAuts
     D:8: 929 daAuts
     D:9: 871 daAuts
     D:2: 800 daAuts
     D:1: 758 daAuts
  Bailey: 562 daAuts
  Temple: 270 daAuts
    D:11: 30 daAuts
